[Event "*** SCC Grand Prix: Titled Tuesday Blitz"]
[Site "Chess.com"]
[Date "2020.07.21"]
[Round "2"]
[White "Iskusnyh"]
[Black "bocah_sakit"]
[Result "0-1"]
[WhiteElo "2479"]
[BlackElo "2723"]
[TimeControl "180+1"]
[EndTime "10:17:23 PDT"]
[Termination "bocah_sakit won on time"]

1. d4 Nf6 2. c4 g6 3. g3 Bg7 4.
Bg2 O-O 5. Nc3 d6 6. Nf3 Nc6 7. Bf4 Bg4 8. d5 Nb8 9. O-O a5 10. h3 Bd7 11. e4 Na6 12. e5 Nh5 13. Qd2 Nxf4 14. Qxf4 Nc5 15. Rad1 h6 16. Rfe1 Bf5 17.
Qe3 Qc8 18. g4 Bd7 19. Ne4 b6 20. Nxc5 bxc5 21. Qe4 Rb8 22. b3 a4 23. Rd3 axb3 24. axb3 Kh7 25. e6 fxe6 26. dxe6 Be8 27. Nh4 Bf6 28.
Nf3 Rb6 29. Rde3 Bc6 30. Qd3 Qb7 31. R1e2 Rb8 32. Ne1 Bxg2 33. Nxg2 Rxb3 34. Qc2 Rxe3 35. Rxe3 Qb1+ 36. Qxb1 Rxb1+ 37. Re1 Rb4 38. Ne3 Bd4 39. Nd5 Rxc4 40. Nxe7 Rc2 41. Re4 Bxf2+ 42. Kf1 Bh4 43.
Nc6 Rf2+ 44. Kg1 Rf8 45. Kg2 Kg7 46. e7 Re8 47. Kf3 d5 48. Re5 d4 49. Rxc5 Bxe7 50. Rd5 Bf6 51. Nxd4 Kf7 0-1

[Event "*** SCC Grand Prix: Titled Tuesday Blitz"]
[Site "Chess.com"]
[Date "2020.07.21"]
[Round "2"]
[White "Chess_Boxer123"]
[Black "Gabix_94"]
[Result "0-1"]
[WhiteElo "2568"]
[BlackElo "2882"]
[TimeControl "180+1"]
[EndTime "10:17:24 PDT"]
[Termination "Gabix_94 won by checkmate"]

1. d4 Nf6 2. c4 c5 3. d5 e6 4. Nc3 exd5 5. cxd5 d6 6. Nf3 g6 7. Nd2 Bg7 8. e4 O-O 9. Be2 Re8 10. O-O Na6 11. f3 Nc7 12. a4 Nd7 13. Kh1 Rb8 14. Nc4 Ne5 15. Na3 f5 16. f4 Nf7 17. exf5 Bxf5 18.
Nab5 a6 19. Na3 Qh4 20. a5 b5 21. axb6 Rxb6 22. Nc4 Rb4 23. Ne3 Bd7 24. g3 Qd8 25. Bf3 Nh6 26. Nc2 Rb6 27. Na4 Rb8 28. Ra3 Nf5 29. Nc3 Nb5 30. Nxb5 Bxb5 31. Re1 Qd7 32.
Re6 Qb7 33. Ne3 Nd4 34. Rxe8+ Rxe8 35. Bg2 Be2 36. Qa4 Qe7 37. Bd2 Bb5 38. Qd1 Qd7 39.
b3 Nf5 40. Nc4 Bd4 41. Ra2 h5 42. Be1 Qe7 43. Bf2 Bxf2 44. Rxf2 Kh7 45. Bf3 Nd4 46. Kg2 a5 47. Nd2 Qe3 48. Be4 Rxe4 49. Nxe4 Qxe4+ 50. Kh3 Bd7+ 51. Kh4 Nf5+ 52. Kg5 Qe7# 0-1

[Event "*** SCC Grand Prix: Titled Tuesday Blitz"]
[Site "Chess.com"]
[Date "2020.07.21"]
[Round "2"]
[White "Aronyak1"]
[Black "Haykoooo0o"]
[Result "1/2-1/2"]
[WhiteElo "2782"]
[BlackElo "2522"]
[TimeControl "180+1"]
[EndTime "10:17:28 PDT"]
[Termination "Game drawn by repetition"]

1. d4 Nf6 2. Nf3 d5 3. Bf4 c5 4. e3 Nc6 5. c3 e6 6. Nbd2 cxd4 7. cxd4 Bd6 8. Bxd6 Qxd6 9. Bd3 O-O 10. O-O Bd7 11. Rc1 Rac8 12. Nb3 b6 13. a3 Rc7 14. Qe2 Bc8 15.
Rc3 Bb7 16. Rfc1 Rfc8 17. Qc2 Ne8 18. Bxh7+ Kf8 19. Bd3 Ne7 20. Qd2 Rxc3 21. Rxc3 Rxc3 22. Qxc3 Qc7 23. Qxc7 Nxc7 24. g4 Ba6 25. Bxa6 Nxa6 26. Nc1 Nc7 27. Nd3 Nb5 28. Kg2 Nd6 29. h4 a5 30. Nfe5 Ke8 31. h5 f6 32. Nf3 Nc6 33. g5 Kf7 34. Kg3 Ne4+ 35. Kh4 Ne7 36. g6+ Kf8 37. Kh3 Nf5 38. Kg2 Nfd6 39. Nf4 Ke7 40. Ne1 Nf5 41. f3 Nxe3+ 42. Kg1 Nd6 43. h6 gxh6 44.
g7 Kf7 45. Nxe6 Nef5 46. Nc2 Nxg7 47. Nf4 Ngf5 48. Nxd5 b5 49. Kf2 Ke6 50. Nf4+ Kf7 51. b3 a4 52. bxa4 bxa4 53. Nd5 Nb5 54. Nb6 Nfxd4 55.
Ne3 Nxa3 56. Nxa4 Nab5 57. Nc5 Nd6 58. Nd3 N6f5 59. Ng4 h5 60. Nh2 Kg6 61. Nf4+ Kg5 62. Nh3+ Kh4 63. Nf4 Kg5 64. Nh3+ Kh4 65. Nf4 Kg5 1/2-1/2

[Event "*** SCC Grand Prix: Titled Tuesday Blitz"]
[Site "Chess.com"]
[Date "2020.07.21"]
[Round "2"]
[White "Josip_buje"]
[Black "m_ezat"]
[Result "1/2-1/2"]
[WhiteElo "2287"]
[BlackElo "2561"]
[TimeControl "180+1"]
[EndTime "10:17:28 PDT"]
[Termination "Game drawn by repetition"]

1. d4 Nf6 2. Nf3 g6 3. Bg5 Ne4 4. Bh4 Bg7 5. e3 O-O 6. Nbd2 Nxd2 7. Qxd2 c5 8. c3 cxd4 9. exd4 d5 10. h3 Nc6 11.
Bd3 Qc7 12. Bg3 Qd8 13. O-O f6 14. Rfe1 Re8 15. Rad1 e5 16. dxe5 fxe5 17. Bb5 e4 18. Nd4 Bxd4 19. cxd4 Bd7 20. Bxc6 bxc6 21. Be5 Qh4 22.
Re3 Rf8 23. Rb3 Rf7 24. Rb7 Raf8 25. Bg3 Qh5 26. Rxa7 Re8 27. Re1 Qf5 28. b4 g5 29.
a4 h5 30. a5 h4 31. Be5 g4 32.
hxg4 Qxg4 33. Qh6 Rh7 34. Qf4 Qg6 35. Re3 Rf8 36. Qh2 Qf5 37. g3 Qg4 38. Rxd7 Qd1+ 39. Kg2 h3+ 40. Qxh3 Rxh3 41. Rg7+ Kh8 42. Rf7+ Kg8 43.
Rg7+ Kh8 44. Rf7+ Kg8 45. Rg7+ 1/2-1/2

[Event "*** SCC Grand Prix: Titled Tuesday Blitz"]
[Site "Chess.com"]
[Date "2020.07.21"]
[Round "2"]
[White "Happy1712Drummer"]
[Black "VladimirBugayev"]
[Result "1-0"]
[WhiteElo "2418"]
[BlackElo "2151"]
[TimeControl "180+1"]
[EndTime "10:17:28 PDT"]
[Termination "Happy1712Drummer won on time"]

1. d4 d5 2. Nf3 Nf6 3. c4 c6 4.
Qc2 e6 5. g3 Nbd7 6. Bg2 Ne4 7.
Nfd2 Nd6 8. O-O Be7 9. b3 O-O 10. e4 dxe4 11. Nxe4 Nxe4 12. Qxe4 Nf6 13. Qe3 Ng4 14.
Qf4 Bf6 15. Rd1 e5 16. Qf3 exd4 17. Bf4 Ne5 18. Bxe5 Bxe5 19. Nd2 c5 20. Ne4 Bd6 21. Qh5 f5 22. Nxd6 Qxd6 23. b4 Be6 24. bxc5 Qxc5 25. Bxb7 Rab8 26. Bf3 Rb2 27. Qh4 d3 28. Rf1 Qxc4 29.
Qe7 Bd5 30. Rac1 Rc2 31. Bxd5+ Qxd5 32. Qxa7 1-0

[Event "*** SCC Grand Prix: Titled Tuesday Blitz"]
[Site "Chess.com"]
[Date "2020.07.21"]
[Round "2"]
[White "KingCrusher275"]
[Black "sm_sharon"]
[Result "1-0"]
[WhiteElo "2378"]
[BlackElo "2053"]
[TimeControl "180+1"]
[EndTime "10:17:28 PDT"]
[Termination "KingCrusher275 won on time"]

1. d4 Nf6 2. c4 g6 3. Nc3 Bg7 4.
e4 d6 5. h3 O-O 6. Nf3 Nc6 7. d5 Nb8 8. Be2 e6 9. O-O exd5 10.
exd5 Nbd7 11. Bg5 h6 12. Bh4 a5 13. Qd2 Nc5 14. Nd4 Re8 15. Bf3 Bd7 16. Rfe1 Re5 17. Ndb5 Bxb5 18. Nxb5 Kh7 19. Bg3 Rxe1+ 20. Rxe1 Qd7 21.
b3 b6 22. Bh4 Re8 23. Rxe8 Nxe8 24. Qe3 Be5 25. Bd1 Qf5 26. Qe2 Qb1 27. f3 Nd3 28. Qc2 Qxc2 29. Bxc2 Nf4 30. Kf2 f6 31. Kf1 Kg7 32. Be1 g5 33. Bf5 Kf7 34. g3 1-0

[Event "*** SCC Grand Prix: Titled Tuesday Blitz"]
[Site "Chess.com"]
[Date "2020.07.21"]
[Round "2"]
[White "Trickov"]
[Black "pedro_nascimento85"]
[Result "1-0"]
[WhiteElo "2359"]
[BlackElo "1935"]
[TimeControl "180+1"]
[EndTime "10:17:28 PDT"]
[Termination "Trickov won by resignation"]

1. d4 d5 2. Nf3 Nf6 3. c4 e6 4. g3 Be7 5. Bg2 O-O 6. O-O dxc4 7. Nbd2 b5 8. a4 c6 9. e4 Bb7 10. e5 Nd5 11. Ne4 a6 12. Bg5 Bxg5 13. Nfxg5 h6 14.
Nf3 Nb4 15. b3 cxb3 16. Qxb3 Nd5 17. Rfc1 Nd7 18. Nd6 Qb6 19. a5 Qa7 20. Ne4 Rac8 21. Nc5 Nxc5 22. Rxc5 f6 23. exf6 Rxf6 24. Ne5 Ba8 25.
Bh3 Rcf8 26. f4 g5 27. fxg5 hxg5 28. Ng4 Rf3 29. Qc2 Qg7 30. Qe4 Qf7 31. Re1 Nc3 32. Rxc3 Rxc3 33. Nh6+ 1-0

[Event "*** SCC Grand Prix: Titled Tuesday Blitz"]
[Site "Chess.com"]
[Date "2020.07.21"]
[Round "2"]
[White "Orest_Vovk"]
[Black "MestreSoares"]
[Result "1-0"]
[WhiteElo "2383"]
[BlackElo "2069"]
[TimeControl "180+1"]
[EndTime "10:17:29 PDT"]
[Termination "Orest_Vovk won by checkmate"]

1. h4 d5 2. h5 c5 3. e4 d4 4. Bc4 Nc6 5. d3 Nf6 6. h6 g6 7. Nf3 Bg4 8. Bg5 Qc7 9. c3 O-O-O 10.
Bxf7 Ne5 11. c4 Nxf7 12. Bh4 Bxh6 13. Qa4 Kb8 14. Na3 a6 15. Rb1 Bxf3 16. gxf3 Bf4 17.
Bxf6 exf6 18. b4 Ne5 19. Ke2 cxb4 20. Rxb4 Nc6 21. Rb3 f5 22. Rhb1 fxe4 23. Qxa6 exd3+ 24. Kf1 Rd7 25. Rb6 d2 26. Nb5 Qe5 27. Qa4 d3 28.
Rxc6 Qe2+ 29. Kg2 Qe1 30. Qa7# 1-0

[Event "*** SCC Grand Prix: Titled Tuesday Blitz"]
[Site "Chess.com"]
[Date "2020.07.21"]
[Round "2"]
[White "Lagmantr"]
[Black "UKR_Master"]
[Result "1-0"]
[WhiteElo "2639"]
[BlackElo "2337"]
[TimeControl "180+1"]
[EndTime "10:17:30 PDT"]
[Termination "Lagmantr won by resignation"]

1. Nf3 Nf6 2. c4 c5 3. g3 b6 4. Bg2 Bb7 5. O-O g6 6. b3 Bg7 7. Bb2 O-O 8. d3 d5 9. Nc3 d4 10. Na4 Nbd7 11. e3 e5 12. b4 Re8 13. bxc5 bxc5 14.
Rb1 Bc6 15. Bc1 Qa5 16. Nb2 Rab8 17. a4 Qa6 18. Re1 e4 19. dxe4 Nxe4 20. Qc2 Nc3 21. Ra1 Be4 22. Qd2 Nb6 23. exd4 cxd4 24. Nxd4 Bxg2 25.
Rxe8+ Rxe8 26. Kxg2 Qb7+ 27. Nf3 Ne4 28. Qe1 Nd6 29. Qb4 Nf5 30. c5 Nd4 31. Ra3 Bf8 32.
Qxd4 Re4 33. Qd8 Nd5 34. Bh6 1-0

[Event "*** SCC Grand Prix: Titled Tuesday Blitz"]
[Site "Chess.com"]
[Date "2020.07.21"]
[Round "2"]
[White "petroniy_arbitr"]
[Black "26andrej26"]
[Result "0-1"]
[WhiteElo "2273"]
[BlackElo "2523"]
[TimeControl "180+1"]
[EndTime "10:17:30 PDT"]
[Termination "26andrej26 won on time"]

1. d4 Nf6 2. c4 g6 3. Nc3 Bg7 4. e4 d6 5. Be2 O-O 6. Nf3 e5 7.
O-O Nc6 8. d5 Ne7 9. b4 a5 10.
bxa5 c5 11. Rb1 Rxa5 12. Qc2 Ra6 13. Nb5 Nxe4 14. Bd3 Nf6 15. Bd2 e4 16. Bxe4 Nxe4 17. Qxe4 Bf5 18. Qf4 Bxb1 19. Rxb1 Nf5 20. h3 Bh6 21. Qg4 Bxd2 22. Nxd2 Rxa2 23. Ne4 Nd4 24. Nexd6 Nxb5 25. Nxb5 Qf6 26. Qg3 Rc2 27. Nc7 Rxc4 28. Rxb7 Rc3 29. Qg4 Qd6 30. g3 Rd3 31. Qc4 Rd4 32.
Qc2 c4 33. Nb5 Qxd5 34. Nxd4 Qxb7 35. Qxc4 Rc8 36. Qf1 Qb2 37. Ne2 Rc2 0-1

[Event "*** SCC Grand Prix: Titled Tuesday Blitz"]
[Site "Chess.com"]
[Date "2020.07.21"]
[Round "2"]
[White "novocane"]
[Black "axvesik"]
[Result "0-1"]
[WhiteElo "2260"]
[BlackElo "2468"]
[TimeControl "180+1"]
[EndTime "10:17:30 PDT"]
[Termination "axvesik won by checkmate"]

1. d4 Nf6 2. c4 e6 3. Nc3 Bb4 4. e3 O-O 5. Ne2 d5 6. a3 Bd6 7. Nf4 dxc4 8. Bxc4 c5 9. dxc5 Bxc5 10. O-O Nc6 11. b4 Bb6 12. Bb2 Bd7 13. Qb3 Ne5 14.
Be2 Qe7 15. Rfd1 Rac8 16. Na4 Bc7 17. Nc5 Bc6 18. Rac1 Nd5 19. Ba1 Nxf4 20. exf4 Ng6 21. Qb2 e5 22. fxe5 Bxe5 23. Qd2 Nf4 24. Bxe5 Qxe5 25.
Bf1 h6 26. Qe3 Qg5 27. Qg3 Qf6 28. Bc4 Bxg2 29. Nd7 Qe7 30. Nxf8 Rxc4 31. Qxf4 Rxf4 32. Kxg2 Rg4+ 33. Kf3 Qe4# 0-1

[Event "*** SCC Grand Prix: Titled Tuesday Blitz"]
[Site "Chess.com"]
[Date "2020.07.21"]
[Round "2"]
[White "Sibelephant"]
[Black "AlexOstrovskiy"]
[Result "1-0"]
[WhiteElo "3108"]
[BlackElo "2601"]
[TimeControl "180+1"]
[EndTime "10:17:31 PDT"]
[Termination "Sibelephant won by resignation"]

1. c4 b6 2. g3 Bb7 3. Nf3 Bxf3 4. exf3 c5 5. d4 Nc6 6. d5 Nd4 7. Be3 e5 8. dxe6 dxe6 9. Bg2 Ne7 10. f4 Rc8 11. Bxd4 Qxd4 12. Na3 Qxd1+ 13. Rxd1 Nf5 14. Nb5 Nd4 15. Nxa7 Rd8 16. O-O g6 17. Nc6 Nxc6 18. Bxc6+ Ke7 19. Rxd8 Kxd8 20. Rd1+ Kc7 21. Be8 Bg7 22. Rd7+ Kc8 23. Rxf7 Bxb2 24. Bd7+ Kb8 25. Bxe6 Re8 26. Bd5 Re2 27. Rxh7 Bd4 28. Rb7+ Kc8 29.
Rxb6 Rxf2 30. Kh1 Rxa2 31. Rxg6 Ra1+ 32. Kg2 Ra2+ 33. Kh3 Bg1 34. f5 Rxh2+ 35. Kg4 Bd4 36. f6 Rf2 37. f7 Kd7 38. Rg8 1-0

[Event "*** SCC Grand Prix: Titled Tuesday Blitz"]
[Site "Chess.com"]
[Date "2020.07.21"]
[Round "2"]
[White "OK97"]
[Black "antoszu"]
[Result "1-0"]
[WhiteElo "2809"]
[BlackElo "2525"]
[TimeControl "180+1"]
[EndTime "10:17:31 PDT"]
[Termination "OK97 won by resignation"]

1. d4 Nf6 2. Bg5 e6 3. Nd2 d5 4. e4 dxe4 5. Nxe4 Be7 6. Bxf6 gxf6 7. Nc3 a6 8. g3 Nc6 9. Nf3 h5 10. Bg2 h4 11. O-O hxg3 12. hxg3 e5 13. dxe5 Qxd1 14. Raxd1 fxe5 15. Nd5 Bd8 16. Rfe1 f6 17. Nh4 Kf7 18. Ne3 Ne7 19. Be4 c6 20. Nc4 Bc7 21. Nd6+ Bxd6 22. Rxd6 Be6 23. Red1 Rag8 24. Ng2 Bd5 25. Bxd5+ cxd5 26. Rd7 b5 27. R1xd5 Rc8 28. Rd2 Rc6 29. Ne3 Ke6 30.
Ra7 Rhc8 31. c3 Rb6 32. Rdd7 Ng6 33. Rg7 Nf8 34. Rge7+ Kd6 35. Nf5+ Kc6 36. Rf7 Kd5 37. Ne7+ 1-0

[Event "*** SCC Grand Prix: Titled Tuesday Blitz"]
[Site "Chess.com"]
[Date "2020.07.21"]
[Round "2"]
[White "Dedic8"]
[Black "Brave_spirit12"]
[Result "1-0"]
[WhiteElo "2774"]
[BlackElo "2512"]
[TimeControl "180+1"]
[EndTime "10:17:31 PDT"]
[Termination "Dedic8 won by resignation"]

1. e4 e6 2. d4 d5 3. Nc3 Nf6 4. Bg5 Be7 5. e5 Nfd7 6. h4 h6 7. Bxe7 Qxe7 8. Qd2 a6 9. O-O-O c5 10. f4 Nc6 11. Nf3 b5 12. dxc5 Nxc5 13. g4 Bb7 14. Bg2 Rc8 15. Kb1 b4 16. Ne2 Ne4 17. Qe1 Qc5 18.
Nfd4 Nxd4 19. Nxd4 Nc3+ 20. bxc3 bxc3 21. Ka1 Qa3 22.
Rb1 Rc4 23. Rxb7 Rxd4 24. Rb3 Qa4 25. Qxc3 Rc4 26. Qb2 O-O 27. g5 Rfc8 28. Rc1 hxg5 29. hxg5 Rxf4 30. Rb8 Rxb8 31. Qxb8+ Kh7 32. Bf1 Qd4+ 33.
Qb2 Qe3 34. Bd3+ g6 35. Rh1+ Kg7 36. a3 Rg4 37. Qb8 Qd4+ 38. Ka2 Rh4 39. Rxh4 Qxh4 40.
Qd8 Qf4 41. Qf6+ Qxf6 42. exf6+ Kf8 43. Bxa6 e5 44. Kb3 d4 45. Kc4 1-0

[Event "*** SCC Grand Prix: Titled Tuesday Blitz"]
[Site "Chess.com"]
[Date "2020.07.21"]
[Round "2"]
[White "nikitakhoroshev"]
[Black "BogdanDeac"]
[Result "1-0"]
[WhiteElo "2535"]
[BlackElo "2786"]
[TimeControl "180+1"]
[EndTime "10:17:33 PDT"]
[Termination "nikitakhoroshev won by resignation"]

1. d4 d5 2. c4 e6 3. Nc3 c6 4.
Nf3 Nf6 5. Bg5 h6 6. Bxf6 Qxf6 7.
Qb3 Nd7 8. Rd1 Qe7 9. a3 g6 10.
g3 Bg7 11. Bg2 O-O 12. O-O b6 13. e4 Ba6 14. exd5 cxd5 15. cxd5 Bxf1 16. Rxf1 Rad8 17. Re1 e5 18. Nb5 e4 19. d6 Qf6 20.
Nd2 a6 21. Nxe4 Qf5 22. Na7 Qa5 23. Rc1 Nb8 24. d5 f5 25. Nc6 Nxc6 26. dxc6+ Kh8 27. c7 fxe4 28. cxd8=Q Rxd8 29. Bxe4 Qe5 30. Bxg6 Qg5 31. Qc2 Rxd6 32. Be4 Bd4 33. Rf1 a5 34. b4 axb4 35. axb4 Qe7 36. Qc8+ Rd8 37. Qf5 Rf8 38. Qg4 Rg8 39.
Qf4 Qg7 40. b5 Rf8 41. Qd2 Re8 42. Bc2 Bc3 43. Qd3 Bd4 44. Kg2 Rf8 45. f4 Bc5 46.
Re1 1-0

[Event "*** SCC Grand Prix: Titled Tuesday Blitz"]
[Site "Chess.com"]
[Date "2020.07.21"]
[Round "2"]
[White "fmshawnrl123"]
[Black "sergivila"]
[Result "1-0"]
[WhiteElo "2648"]
[BlackElo "2376"]
[TimeControl "180+1"]
[EndTime "10:17:33 PDT"]
[Termination "fmshawnrl123 won by resignation"]

1. c4 e6 2. g3 d5 3. Bg2 Nf6 4. Nf3 dxc4 5. O-O c5 6. Na3 Nc6 7. Nxc4 Be7 8. b3 O-O 9. Bb2 Qc7 10. Rc1 Rd8 11. d3 b6 12. Qc2 Bb7 13. Rfd1 Rac8 14.
Qb1 Ne8 15. Qa1 Bf6 16. a3 Bxb2 17. Qxb2 Nd6 18. Ne3 Qe7 19. h4 Nb5 20. Nc2 Ncd4 21. Ncxd4 cxd4 22. Rxc8 Bxc8 23. Rc1 e5 24. b4 Bb7 25. Nd2 Bxg2 26. Kxg2 Nc3 27. Nb1 Nd5 28.
Qc2 h6 29. Nd2 Nc3 30. Ne4 Qb7 31. f3 Nd5 32. Qc6 Ne3+ 33. Kf2 Qe7 34. Qc7 Rd7 35.
Qb8+ Kh7 36. Rc8 Qe6 37. h5 1-0

[Event "*** SCC Grand Prix: Titled Tuesday Blitz"]
[Site "Chess.com"]
[Date "2020.07.21"]
[Round "2"]
[White "TheCount"]
[Black "markberk"]
[Result "1-0"]
[WhiteElo "2675"]
[BlackElo "2333"]
[TimeControl "180+1"]
[EndTime "10:17:33 PDT"]
[Termination "TheCount won on time"]

1. d4 Nf6 2. c4 e6 3. Nc3 Bb4 4. f3 d5 5. a3 Bxc3+ 6. bxc3 O-O 7. cxd5 exd5 8. e3 Nh5 9. g3 f5 10. Bd3 c5 11. Ne2 Nc6 12. O-O Qe7 13. Nf4 Nxf4 14. gxf4 Be6 15. Kh1 Kh8 16. a4 Rf6 17. Ba3 b6 18. a5 Nxa5 19. Bxc5 bxc5 20. Rxa5 c4 21. Bc2 Bf7 22. Qd2 Rd8 23. Rfa1 Rh6 24. Rxa7 Qf6 25.
Qg2 Bh5 26. Bxf5 Rg8 27. Bg4 g5 28. Bxh5 Rxh5 29. Qg4 Qh6 30. R1a2 gxf4 31. Qxg8+ Kxg8 32. Ra8+ Kf7 33. R2a7+ Kf6 34. Ra6+ 1-0

[Event "*** SCC Grand Prix: Titled Tuesday Blitz"]
[Site "Chess.com"]
[Date "2020.07.21"]
[Round "2"]
[White "ehrenfeld"]
[Black "nrvignesh"]
[Result "1-0"]
[WhiteElo "2532"]
[BlackElo "2779"]
[TimeControl "180+1"]
[EndTime "10:17:34 PDT"]
[Termination "ehrenfeld won by resignation"]

1. e4 d6 2. d4 g6 3. Nc3 Bg7 4. Be3 c6 5. a4 Nd7 6. h3 a5 7. g4 h5 8. g5 e5 9. Nge2 Ne7 10.
Bg2 O-O 11. O-O exd4 12. Nxd4 Nb6 13. b3 d5 14. Nde2 Be6 15. Qd2 Qc7 16. Rad1 Rad8 17. Qc1 dxe4 18. Nxe4 Nbd5 19. Bc5 b6 20. Ba3 c5 21. Bb2 Nf5 22. Bxg7 Kxg7 23. Qb2+ f6 24. c4 Nf4 25. gxf6+ Kg8 26. Nxf4 Qxf4 27. f7+ Kh7 28. Rxd8 Rxd8 29. Qf6 Rf8 30. Ng5+ Qxg5 31. Qxg5 Rxf7 32. Re1 Nd4 33. Qd8 Bxh3 34. Re7 Be6 35. Rxf7+ Bxf7 36. Qxb6 h4 37. Qxc5 Nxb3 38. Qb6 h3 39. Qxb3 hxg2 40. Kxg2 Kg7 41. Qc3+ 1-0

[Event "*** SCC Grand Prix: Titled Tuesday Blitz"]
[Site "Chess.com"]
[Date "2020.07.21"]
[Round "2"]
[White "KobyKalavannan"]
[Black "Bayernbk"]
[Result "0-1"]
[WhiteElo "2711"]
[BlackElo "2505"]
[TimeControl "180+1"]
[EndTime "10:17:34 PDT"]
[Termination "Bayernbk won on time"]

1. d4 Nf6 2. c4 e6 3. Nf3 d5 4. g3 Be7 5. Bg2 O-O 6. O-O c6 7. Qc2 b6 8. Nbd2 Bb7 9. e4 Na6 10. Rd1 Rc8 11. e5 Nd7 12. cxd5 Nb4 13. Qb3 Nxd5 14.
Ne4 c5 15. dxc5 Nxc5 16. Nxc5 Bxc5 17. Be3 Qe7 18. Bg5 Qc7 19. Rac1 h6 20. Bd2 Qe7 21. a3 Rfd8 22. Qa2 a5 23. Qb1 Ba6 24. h4 Be2 25. Re1 Bb5 26. Nh2 Nc7 27. Bf4 Bd3 28. Qa2 Nd5 29.
Bd2 Bf5 30. Qb3 Nc7 31. Be3 Nd5 32. Bxc5 Rxc5 33. Rxc5 Qxc5 34. Nf3 Rc8 35. Nd2 Qc2 36. Re2 Bd3 37. Bxd5 Bxe2 0-1

[Event "*** SCC Grand Prix: Titled Tuesday Blitz"]
[Site "Chess.com"]
[Date "2020.07.21"]
[Round "2"]
[White "Iball95"]
[Black "bratkoo"]
[Result "1-0"]
[WhiteElo "2701"]
[BlackElo "2472"]
[TimeControl "180+1"]
[EndTime "10:17:35 PDT"]
[Termination "Iball95 won by checkmate"]

1. e4 e6 2. d4 d5 3. Nd2 c5 4.
Ngf3 Nc6 5. exd5 exd5 6. Bb5 Bd6 7. O-O Ne7 8. dxc5 Bxc5 9. Nb3 Bb6 10. h3 O-O 11. c3 Qd6 12. Nbd4 Ng6 13. Re1 Bd7 14. Bd3 Nf4 15. Bc2 Rae8 16. Be3 Nxd4 17. Nxd4 Bc7 18.
Qf3 Ne6 19. g3 Nxd4 20. Bxd4 h6 21. Kg2 Be6 22. Re2 Qd7 23. g4 a6 24. Rae1 f6 25. Bg6 Bf7 26. Rxe8 Rxe8 27. Rxe8+ Qxe8 28. Bd3 Qc6 29. Qf5 Kf8 30. Qh7 Be5 31. Qh8+ Bg8 32. Bh7 Qe6 33.
Bc5+ Ke8 34. Qxg8+ Qxg8 35. Bxg8 Kd7 36. Bxd5 Bd6 37.
Bxd6 Kxd6 38. Bxb7 a5 39. Kf3 Kc7 40. Be4 Kd6 41. Ke3 Ke5 42. f4+ Kd6 43. Kd4 Kc7 44.
c4 Kb6 45. c5+ Kb5 46. c6 Kb4 47. c7 a4 48. c8=Q a3 49. Qc5+ Ka4 50. Bc6# 1-0

[Event "*** SCC Grand Prix: Titled Tuesday Blitz"]
[Site "Chess.com"]
[Date "2020.07.21"]
[Round "2"]
[White "reutik"]
[Black "AlexTriapishko"]
[Result "0-1"]
[WhiteElo "2325"]
[BlackElo "2630"]
[TimeControl "180+1"]
[EndTime "10:17:35 PDT"]
[Termination "AlexTriapishko won on time"]

1. d4 Nf6 2. c4 g6 3. f3 Nh5 4. Nc3 e5 5. g3 exd4 6. Qxd4 Bg7 7. Qd2 O-O 8. b3 Nc6 9. Bb2 d6 10. Nh3 Re8 11. Bg2 Nd4 12. O-O Bxh3 13. Bxh3 Qe7 14. e4 c6 15. Rae1 g5 16. Nd5 cxd5 17. Bxd4 dxc4 18. bxc4 Bxd4+ 19. Qxd4 Qe5 20. Qxe5 Rxe5 21. Rd1 Rd8 22. Rd4 Kf8 23. Rb1 b6 24.
Rb5 Ke7 25. Kf2 Nf6 26. Ke3 Rc5 27. Kd3 h6 28. Bf5 Ne8 0-1

[Event "*** SCC Grand Prix: Titled Tuesday Blitz"]
[Site "Chess.com"]
[Date "2020.07.21"]
[Round "2"]
[White "GMBenjaminBok"]
[Black "PrinceMurad09"]
[Result "1-0"]
[WhiteElo "2875"]
[BlackElo "2568"]
[TimeControl "180+1"]
[EndTime "10:17:36 PDT"]
[Termination "GMBenjaminBok won by resignation"]

1. d4 Nf6 2. c4 e6 3. Nf3 d5 4. Nc3 c6 5. e3 Nbd7 6. Qc2 Be7 7. Bd3 dxc4 8. Bxc4 O-O 9. O-O a6 10. e4 c5 11. e5 Ne8 12. d5 b5 13. Bd3 exd5 14.
Bxh7+ Kh8 15. Nxd5 Nxe5 16. Nxe5 Qxd5 17. Be4 Qxe5 18.
Bxa8 Nf6 19. Bf3 Bd6 20. g3 Bf5 21. Qc3 Qxc3 22. bxc3 Be5 23. Bd2 Nd7 24. Rfe1 Bf6 25. Rac1 Nb6 26. Bf4 Be6 27. Be5 Bg5 28. Rcd1 Bxa2 29.
h4 Bd8 30. Ra1 Be6 31. Rxa6 Na4 32. Ra8 Be7 33. Rxf8+ Bxf8 34. Rd1 Be7 35. Bc6 Nb2 36. Rb1 Nc4 37. Bf4 b4 38. cxb4 cxb4 39. Ba4 Na3 40. Rc1 b3 41. Be5 Nc4 42. Bc3 b2 43. Rb1 Ba3 44. Bc2 Kg8 45. Bd3 g6 46. Bxc4 Bxc4 47. Bxb2 Bd3 48. Rd1 Bxb2 49. Rxd3 Bf6 50. Kg2 Kg7 51. Kh3 1-0

[Event "*** SCC Grand Prix: Titled Tuesday Blitz"]
[Site "Chess.com"]
[Date "2020.07.21"]
[Round "2"]
[White "louis198"]
[Black "TigrVShlyape"]
[Result "0-1"]
[WhiteElo "2565"]
[BlackElo "2859"]
[TimeControl "180+1"]
[EndTime "10:17:36 PDT"]
[Termination "TigrVShlyape won by checkmate"]

1. d4 Nf6 2. Bf4 g6 3. e3 Bg7 4. h3 c5 5. Nf3 O-O 6. Nbd2 b6 7.
c3 Bb7 8. a4 a6 9. Bc4 d6 10.
O-O Nbd7 11. Qb3 h6 12. Rfd1 Ne4 13. Nxe4 Bxe4 14. Nd2 Bc6 15. Qc2 Kh7 16. b4 b5 17.
axb5 axb5 18. Be2 c4 19. Bf3 Qb6 20. d5 Bb7 21. e4 Rfc8 22. Be3 Qd8 23. Be2 Rxa1 24.
Rxa1 Ra8 25. Rxa8 Qxa8 26. Nf3 Qa1+ 27. Kh2 Bxc3 28. h4 Ne5 29. h5 Ng4+ 30. Kg3 Nxe3 31. fxe3 Qb2 32. hxg6+ fxg6 33. Qd1 Kg7 34. Kf2 Qxb4 35.
Nd4 Bc8 36. Nc6 Qb2 37. Kg3 Bf6 38. Bg4 Bxg4 39. Qxg4 Qd2 40. Qe6 Qxe3+ 41. Kh2 Qf4+ 42. Kg1 c3 43. Nd8 Bd4+ 44. Kh1 Qf1+ 45. Kh2 Be5+ 46. g3 Qf2+ 47. Kh1 Qf3+ 48. Kg1 Qxg3+ 49.
Kf1 Qf3+ 50. Kg1 Qf6 51. Qc8 Bd4+ 52. Kg2 Qf2+ 53. Kh3 Qf1+ 54. Kh2 Be5# 0-1

[Event "*** SCC Grand Prix: Titled Tuesday Blitz"]
[Site "Chess.com"]
[Date "2020.07.21"]
[Round "2"]
[White "krasavetc"]
[Black "GelmanAlexander"]
[Result "0-1"]
[WhiteElo "2287"]
[BlackElo "2593"]
[TimeControl "180+1"]
[EndTime "10:17:36 PDT"]
[Termination "GelmanAlexander won by resignation"]

1. e4 c5 2. Nf3 e6 3. c3 d5 4. exd5 exd5 5. d4 Nc6 6. Bb5 Nf6 7. O-O Bd6 8. Re1+ Be6 9. Bg5 O-O 10. Nbd2 h6 11. Bh4 a6 12. Bxc6 bxc6 13. Ne5 Rc8 14. Qa4 cxd4 15. cxd4 Qb6 16. Bxf6 gxf6 17. Nef3 Bf5 18.
Nb3 Kh7 19. Rac1 Rg8 20. g3 Be4 21. Nbd2 f5 22. Nxe4 fxe4 23. Ne5 Bxe5 24. dxe5 Rge8 25. b4 Rxe5 26. Rc5 Re6 27. a3 d4 28. Qc2 Rce8 29. Qc4 d3 30. Qc3 Qb7 31. Re3 Qd7 32. Qd2 Qd6 33. Rf5 Kg6 34. Rf4 f5 35. h4 h5 36. Re1 Re5 37. Kh2 Qd4 38. Re3 c5 39.
bxc5 Rxc5 40. Qd1 Rc2 41. Rxf5 Kxf5 42. Qxh5+ Kf6 43. Qg5+ Ke6 44. Qg6+ Kd7 45. Qf5+ Re6 46. Qf7+ Re7 47. Qf5+ Kc7 48. Kh3 Qd7 0-1

[Event "*** SCC Grand Prix: Titled Tuesday Blitz"]
[Site "Chess.com"]
[Date "2020.07.21"]
[Round "2"]
[White "boasovietica"]
[Black "1d4_1-0"]
[Result "1-0"]
[WhiteElo "2417"]
[BlackElo "2146"]
[TimeControl "180+1"]
[EndTime "10:17:36 PDT"]
[Termination "boasovietica won by resignation"]

1. e4 e5 2. Nf3 Nc6 3. Bb5 a6 4. Ba4 d6 5. c4 g6 6. d4 Bd7 7.
d5 Nce7 8. Bc2 Bg7 9. O-O h6 10. Ne1 f5 11. exf5 gxf5 12. Qh5+ Kf8 13. Nc3 Nf6 14.
Qe2 Ng6 15. g3 Nh7 16. f4 e4 17. Ng2 Nf6 18. Ne3 h5 19. Kh1 Kf7 20. Bd2 Ng4 21. h3 Nf6 22. Qf2 Qe7 23. Ne2 h4 24. g4 fxg4 25. hxg4 Nxg4 26. Nxg4 Bxg4 27. Nd4 Rag8 28. Rae1 Qf6 29. Bc3 h3 30. Bxe4 Qh4 31. f5 Ne5 32.
Ne6 Bf6 33. Nf4 Qg5 34. Ng6 Nxg6 35. fxg6+ Rxg6 36. Bxg6+ Qxg6 37. Qxf6+ Qxf6 38. Rxf6+ Kg7 39. Rf4+ Kg8 40. Rxg4+ 1-0